 Dungeon Crawl Stone Soup version 0.30-a0-629-gd54f4be4f7 (webtiles) character file.

Game seed: 14089974724172123885

459 acebull12 the Slasher (level 6, -3/47 HPs)
             Began as a Demonspawn Fighter on Jan 12, 2023.
             Was an Elder of Jiyva.
             Slain by an ogre
             ... wielding a +0 giant spiked club
              (23 damage)
             ... on level 4 of the Dungeon.
             The game lasted 00:09:49 (3829 turns).

acebull12 the Slasher (Demonspawn Fighter)          Turns: 3829, Time: 00:09:50

Health: -3/47      AC: 10    Str: 26    XL:     6   Next: 78%
Magic:  6/6        EV: 10    Int:  7    God:    Jiyva [****..]
Gold:   130        SH:  4    Dex: 11    Spells: 5/5 levels left

rFire   . . .      SeeInvis .    a - +0 long sword
rCold   . . .      Faith    .    c - +0 buckler
rNeg    . . .      Spirit   .    b - +0 scale mail
rPois   .          Reflect  .    (no helmet)
rElec   .          Harm     .    (no cloak)
rCorr   +          Rampage  .    (no gloves)
Will    .....                    (no boots) Stlth
                                 (no amulet)
HPRegen 1.55/turn                (no ring)
MPRegen 0.50/turn                (no ring)

@: no status effects
A: yellow scales 2, demonic touch 1, strong 2, acidic bite, MP-powered wands
a: Renounce Religion, Oozemancy, Slimify


You were on level 4 of the Dungeon.
You worshipped Jiyva.
Jiyva was greatly pleased with you.
You visited 2 branches of the dungeon, and saw 5 of its levels.
You also visited: Sewer.

You collected 130 gold pieces.

Inventory:

Hand Weapons
 a - a +0 long sword (weapon)
 v - a +0 flail
 x - a +3 hammer
Missiles
 k - 15 stones (quivered)
 u - 4 poisoned darts
Armour
 b - a +0 scale mail (worn)
 c - a +0 buckler (worn)
 o - a +0 ring mail
 A - an orb of light
Jewellery
 h - a ring of resist corrosion
Wands
 g - a wand of light (7)
 n - a wand of charming (9)
Scrolls
 j - 2 scrolls of teleportation
 l - a scroll of fear
 w - a scroll of silence {unknown}
 y - a scroll of noise {unknown}
 z - a scroll of fog {unknown}
 B - a scroll of identify
Potions
 d - 2 potions of might
 e - 2 potions of curing
 f - 3 potions of flight
 i - a potion of ambrosia {unknown}
 m - a potion of attraction {unknown}
 p - a potion of haste {unknown}
 q - a potion of mutation {unknown}
 r - 2 potions of brilliance {unknown}
 s - a potion of invisibility {unknown}
 t - 2 potions of heal wounds {unknown}


   Skills:
 + Level 3.5 Fighting
 * Level 4.5 Long Blades
 * Level 4.2 Armour
 + Level 1.0 Dodging
 * Level 3.8 Shields


You had 5 spell levels left.
You didn't know any spells.
Your spell library was empty.

Dungeon Overview and Level Annotations

Branches:
Dungeon (4/15)             Temple (1/1) D:4           Sewer (visited)

Altars:
Ashenzari
Fedhas
Gozag
Hepliaklqana
Kikubaaqudgha
Makhleb
Okawaru
Qazlal
Ru
Trog
Vehumet
Wu Jian
Xom
Yredelemnul
Jiyva

Annotations:
D:3 1 runed translucent door, Crazy Yiuf


Innate Abilities, Weirdness & Mutations

You are mostly covered in yellow scales. (AC +3)
Your touch may inflict minor irresistible damage on your foes.
Your muscles are very strong. (Str +8, Int/Dex -2)
You have acidic saliva.
You expend magic power (3 MP) to strengthen your wands.


Message History

The ogre closely misses you.
You hit the ogre. Your bite misses the ogre.
The ogre is moderately wounded.
The ogre hits you with a +0 giant spiked club!!
You closely miss the ogre. You bite the ogre, but do no damage.
The ogre is moderately wounded.
There is an open door here.
The ogre attacks as you move away! The ogre hits you but does no damage.
You feel very buoyant.
You fly up into the air.
The ogre closely misses you.
Careful!
You are starting to lose your buoyancy.
You hit the ogre but do no damage.
The ogre is lightly wounded.
The ogre closely misses you.
You hit the ogre.
The ogre is moderately wounded.
The ogre barely misses you.
You hit the ogre.
The ogre is moderately wounded.
The ogre closely misses you.
You slash the ogre!
The ogre is severely wounded.
You float gracefully downwards.
The ogre hits you with a +0 giant spiked club.
You hit the ogre.
The ogre is severely wounded.
You completely miss the ogre.
The ogre is severely wounded.
The ogre hits you with a +0 giant spiked club!!
Ouch! That really hurt!
You completely miss the ogre.
The ogre is severely wounded.
The ogre hits you with a +0 giant spiked club!
You barely miss the ogre.
The ogre is severely wounded.
The ogre closely misses you.
You barely miss the ogre.
The ogre is severely wounded.
The ogre hits you with a +0 giant spiked club!!
You die...

##.#####≈≈≈≈≈≈≈♣..♣≈≈≈≈≈≈≈#
#).## #....##≈≈≈≈≈≈≈≈..≈≈≈≈≈≈≈≈#
#..##
##.##..#≈≈≈≈≈≈≈≈..≈≈≈≈≈≈≈≈#
#...#
#......##≈≈≈≈≈≈≈..≈≈≈≈≈≈≈##
##..# ....######≈≈≈≈≈≈..≈≈≈≈≈≈##
##.>.. #...#
##≈≈≈≈≈..≈≈≈≈≈#####..... #...#
####≈≈≈≈..≈≈≈≈##......... #####
###..##≈≈≈O.≈≈≈##..####....
#####.....####@'####..## ###.#
#...<...........###..## #.#
#.#.................## #.#
#...............### #..
#..............## ##..
##..............# ####...
..................########.....#
#####..........................#
##..........##########.....#


You could see an ogre.

Vanquished Creatures
  An ogre (D:3)
  2 kobold brigands (Sewer)
  An orc priest (D:3)
  An iguana (D:4)
  7 adders
  3 gnolls
  An ufetubus (D:4)
  A dart slug (D:4)
  7 orcs
  An endoplasm (D:1)
  9 giant cockroaches
  5 goblins
  9 hobgoblins
  7 jackals
  6 quokkas
  18 ball pythons
  4 bats
  5 frilled lizards
  11 kobolds
  5 rats
104 creatures vanquished.

Vanquished Creatures (others)
  4 jellies
  A hound (D:4)
  Robin (D:3)
  2 gnolls (D:3)
  2 adders
  2 worms
  3 orcs
  2 bats
  An endoplasm (D:3)
  8 goblins (D:3)
  5 hobgoblins
  A quokka (D:2)
  A ball python (D:3)
  2 frilled lizards (Sewer)
  3 kobolds
  2 rats
  2 fungi (Sewer)
  14 plants (Sewer)
56 creatures vanquished.

Grand Total: 160 creatures vanquished

Notes
Turn   | Place    | Note
-------+----------+-------------------------------------------
     0 | D:1      | acebull12 the Demonspawn Fighter began the quest for the
                  | Orb.
     0 | D:1      | Reached XP level 1. HP: 18/18 MP: 1/1
   175 | D:1      | Found a faded altar of an unknown god.
   205 | D:1      | Gained mutation: You are partially covered in yellow
                  | scales. (AC +2) [demonic ancestry]
   205 | D:1      | Reached XP level 2. HP: 14/24 MP: 2/2
   379 | D:1      | Prayed at the altar of an unknown god.
   379 | D:1      | Became a worshipper of Jiyva Jiklaff the Shapeless
   379 | D:1      | Reached * piety under Jiyva
   401 | D:1      | Reached XP level 3. HP: 22/29 MP: 3/3
   973 | D:2      | Reached ** piety under Jiyva
  1173 | D:2      | Reached XP level 4. HP: 35/35 MP: 4/4
  1875 | D:3      | Found a glowing drain.
  1886 | Sewer    | Entered a sewer
  1898 | Sewer    | Reached *** piety under Jiyva
  1978 | Sewer    | Gained mutation: Your muscles are strong. (Str +4, Int/Dex
                  | -1) [Jiyva's grace]
  1978 | Sewer    | Gained mutation: Your muscles are very strong. (Str +8,
                  | Int/Dex -2) [Jiyva's grace]
  1978 | Sewer    | Gained mutation: You have acidic saliva. [Jiyva's grace]
  1978 | Sewer    | Gained mutation: You expend magic power (3 MP) to
                  | strengthen your wands. [Jiyva's grace]
  2050 | Sewer    | Noticed a kobold brigand
  2071 | Sewer    | Killed a kobold brigand
  2072 | Sewer    | Gained mutation: Your touch may inflict minor irresistible
                  | damage on your foes. [demonic ancestry]
  2072 | Sewer    | Reached XP level 5. HP: 27/41 MP: 5/5
  2377 | D:3      | Gained mutation: You are mostly covered in yellow scales.
                  | (AC +3) [demonic ancestry]
  2377 | D:3      | Reached XP level 6. HP: 40/47 MP: 6/6
  2380 | D:3      | Killed Robin
  2727 | D:3      | Found a runed translucent door.
  2728 | D:3      | Reached **** piety under Jiyva
  2728 | D:3      | Noticed Crazy Yiuf
  3072 | D:3      | Reached skill level 1 in Dodging
  3386 | D:4      | Found a staircase to the Ecumenical Temple.
  3440 | Temple   | Entered the Ecumenical Temple
  3829 | D:4      | Slain by an ogre

Illustrated notes

Levels and vault maps discovered:
D:1:      roderic_octagonal_star, layout_basic,
          hellmonk_ecumenical_altar_blasted
D:2:      layout_basic
D:3:      layout_loops_ring, gup_sewer_entry_bubbles, glass_columns_a,
          solitary_fountain, minmay_fractal_squares_5, uniq_robin,
          uniq_crazy_yiuf_cottage
D:4:      kennysheep_big_flooded_room, layout_rooms,
          minmay_temple_entry_slanted, hangedman_abyss_or_decor_stagger
Temple:   minmay_crystal_spiral_temple

Skill      XL: |  1  2  3  4  5  6 |
---------------+-------------------+-----
Armour         | 3 4 |  4.2
Long Blades    | 2 3 4 |  4.5
Shields        | 3 |  3.8
Dodging        | 1 |  1.0
Fighting       | |  3.5

Action                   |  1- 3 |  4- 6 || total
-------------------------+-------+-------++-------
Melee: Long sword        |   149 |   309 ||   458
       Bite              |       |    28 ||    28
  Use: Scroll            |       |     4 ||     4
       Potion            |       |     1 ||     1
Armor: Scale mail        |   107 |   194 ||   301
Dodge: Dodged            |    93 |   194 ||   287
Block: Buckler           |    47 |    77 ||   124

Table legend: (Time is in decaauts)
 A = Elapsed time spent in this place.
 B = Non-inter-level travel time spent in this place.
 C = Inter-level travel time spent in this place.
 D = Time resting spent in this place.
 E = Time spent auto-exploring this place.
 F = Levels seen in this place.
 G = Mean time per level.
                   A        B        C        D        E       F      G
               +--------+--------+--------+--------+--------+-----+--------+
         Total |   4014 |   3624 |    390 |     76 |   2323 |   6 |  669.0 |
       Dungeon |   3440 |   3133 |    307 |     76 |   2100 |   4 |  860.0 |
        Temple |    210 |    127 |     83 |      0 |    111 |   1 |  210.0 |
         Sewer |    363 |    363 |      0 |      0 |    112 |   1 |  363.0 |
               +--------+--------+--------+--------+--------+-----+--------+

Top non-repeatable levels by time:
     D:2: 1081 daAuts
     D:3: 1068 daAuts
     D:1: 793 daAuts
     D:4: 497 daAuts
   Sewer: 363 daAuts
  Temple: 210 daAuts
